 Dungeon Crawl Stone Soup version 0.31-a0-981-geadf994542 (webtiles) character file.

Game seed: 8083861654783944772

726711 kemist the Acrobat (level 27, -15/253 HPs)
             Began as a Grey Draconian Ice Elementalist on Oct 20, 2023.
             Was an Initiate of Gozag.
             Killed from afar by an orb of fire (50 damage)
             ... with a fireball
             ... on level 5 of the Realm of Zot on Oct 31, 2023.
             The game lasted 10:34:09 (138908 turns).

kemist the Acrobat (DrIE)                         Turns: 138908, Time: 10:34:09

Health: -15/253    AC: 26    Str: 14    XL:     27
Magic:  1/52       EV: 27    Int: 32    God:    Gozag
Gold:   715        SH: 21    Dex: 18    Spells: 14/58 levels left

rFire   + . .        g - staff "Draconian's Bane" {rF+ Stlth+ Earth}
rCold   + . .        S - +5 kite shield {reflect}
rNeg    + . .        (body armour unavailable)
rPois   +            a - +2 hat
rElec   .            P - +2 cloak {rC+}
rCorr   +            s - +2 pair of gloves
SInv    +            (no boots)
Will    +++..        C - macabre finger necklace {Finger+ rN+}
Stlth   ++++++       k - ring "Mutakob" {rCorr Str+3 Dex+3}
HPRegen 0.62/turn    M - ring of the Enemy {rPois Will+ Dex+2 Stlth+}
MPRegen 0.33/turn    y - ring "Kuachugy" {MP+9 Int+6 SInv}

%: reflection
@: about to teleport, studying Summonings
A: AC +18, amphibious, unfitting armour, cold-blooded, stinger 1, dopey 1,
poison resistance
}: 5/15 runes: decaying, serpentine, slimy, silver, abyssal
a: Renounce Religion, Potion Petition, Call Merchant, Bribe Branch


You were on level 5 of the Realm of Zot.
You worshipped Gozag.
Gozag was pleased with you.
You visited 13 branches of the dungeon, and saw 57 of its levels.
You visited Pandemonium 3 times, and saw 4 of its levels.
You visited the Abyss 3 times.
You visited 1 bazaar.
You also visited: Sewer, Ice Cave and Desolation.

You collected 38219 gold pieces.
You spent 4730 gold pieces at shops.
You paid 32774 gold pieces to Gozag.

Inventory:

Armour
 a - a +2 hat (worn)
 s - a +2 pair of gloves (worn)
 P - a +2 cloak of cold resistance (worn)
 S - a +5 kite shield of reflection (worn)
Magical Staves
 g - the staff "Draconian's Bane" (weapon) {rF+ Stlth+ Earth}
   (You found it on level 5 of the Pits of Slime)

   [staff of earth]

   Base accuracy: +5 Base damage: 5 Base attack delay: 1.2 This weapon's minimum
   attack delay (0.6) is reached at skill level 12.
   rF+:       It protects you from fire.
   Stlth+:    It makes you more stealthy.
   Earth:     It increases the power of your Earth spells.
   It falls into the 'Staves' category.
   It is a one-handed weapon.
 O - a staff of cold
Jewellery
 k - the ring "Mutakob" (left hand) {rCorr Str+3 Dex+3}
   (You took it off a fire giant on level 2 of the Depths)

   [ring of resist corrosion]

   Str+3:     It affects your strength (+3).
   Dex+3:     It affects your dexterity (+3).
   rCorr:     It protects you from acid and corrosion.
 u - the ring of Ascent {rF++ Will+ Dex+4}
   (You bought it in a shop on level 1 of the Elven Halls)

   [ring of willpower]

   Dex+4:     It affects your dexterity (+4).
   rF++:      It greatly protects you from fire.
   Will+:     It increases your willpower.
 y - the ring "Kuachugy" (on amulet) {MP+9 Int+6 SInv}
   (You took it off a vault sentinel on level 5 of the Vaults)

   [ring of intelligence]

   Int+6:     It affects your intelligence (+6).
   MP+9:      It affects your magic capacity (+9).
   SInv:      It lets you see invisible.
 C - the macabre finger necklace (around neck) {Finger+ rN+}
   (You found it on level 8 of the Dungeon)

   [amulet of nothing]

   Finger+:   It enables you to equip an extra ring.
   rN+:       It protects you from negative energy.
 M - the ring of the Enemy (right hand) {rPois Will+ Dex+2 Stlth+}
   (You took it off an ogre mage on level 5 of the Vaults)

   [ring of poison resistance]

   Dex+2:     It affects your dexterity (+2).
   rPois:     It protects you from poison Will+: It increases your willpower.
   Stlth+:    It makes you more stealthy.
 U - a ring of positive energy
Talismans
 F - the dragon-blood talisman "Xobre" {rC+ Str+3 Int+5}
   (You found it on level 2 of the Realm of Zot)

   [dragon-blood talisman]

   Str+3:     It affects your strength (+3).
   Int+5:     It affects your intelligence (+5).
   rC+:       It protects you from cold.
Wands
 n - a wand of mindburst (35)
 p - a wand of polymorph (46)
 r - a wand of digging (31)
 z - a wand of light (2)
 A - a wand of charming (52)
 I - a wand of iceblast (56)
Scrolls
 b - 9 scrolls of amnesia
 d - 2 scrolls of brand weapon
 q - 3 scrolls of enchant armour
 B - 5 scrolls of teleportation
 E - 4 scrolls of fear
 G - 7 scrolls of fog
 J - 3 scrolls of enchant weapon
 N - 5 scrolls of immolation
 R - a scroll of butterflies
Potions
 c - 4 potions of haste
 e - 8 potions of resistance
 i - 11 potions of mutation
 j - 3 potions of ambrosia
 m - 24 potions of curing
 o - 4 potions of berserk rage
 v - 19 potions of might
 w - 5 potions of cancellation
 x - 3 potions of lignification
 D - a potion of brilliance
 Q - 4 potions of enlightenment
 X - 7 potions of invisibility
Miscellaneous
 f - a phial of floods
 t - a lightning rod (4/4)
 T - a phantom mirror (inert)
 W - a sack of spiders (inert)
 Z - the horn of Geryon (inert)


   Skills:
 + Level 21.7 Fighting
 - Level 10.0 Short Blades
 - Level 10.0 Staves
 + Level 22.6 Dodging
 - Level 6.9 Stealth
 + Level 19.0 Shields
 - Level 16.0 Spellcasting
 + Level 12.9 Conjurations
 - Level 9.2 Necromancy
 - Level 20.4 Ice Magic
 + Level 20.9 Earth Magic
 - Level 15.3 Evocations
 - Level 9.0 Shapeshifting


You had 14 spell levels left.
You knew the following spells:

 Your Spells              Type           Power      Damage    Failure   Level
a - Freeze                Ice            100%       1d10      0%          1
b - Frozen Ramparts       Ice            100%       1d16      0%          3
c - Ozocubu's Armour      Ice            100%       N/A       0%          3
d - Ozocubu's Refrigerat  Ice            51%        4d18      1%          7
e - Hailstorm             Conj/Ice       93%        3d18      0%          3
f - Stone Arrow           Conj/Erth      100%       3d13      0%          3
g - Borgnjor's Vile Clut  Necr/Erth      55%        N/A       1%          5
h - Lee's Rapid Deconstr  Erth           63%        3d29*     0%          5
i - Bombard               Conj/Erth      58%        9d10      1%          6
j - Lehudib's Crystal Sp  Conj/Erth      58%        10d13     16%         8

Your spell library contained the following spells:

 Spells                   Type           Power      Damage    Failure   Level
 Magic Dart               Conj           100%       1d8       0%          1
 Necrotise                Necr           100%       1d9       1%          1
 Cigotuvi's Dreadful Rot  Necr/Pois/Air  90%        N/A       1%          2
 Ensorcelled Hibernation  Hex/Ice        100%       N/A       1%          2
 Momentum Strike          Conj/Tloc      100%       3d10      1%          2
 Passwall                 Tmut/Erth      79%        N/A       1%          2
 Sublimation of Blood     Necr           71%        N/A       1%          2
 Dazzling Flash           Conj/Hex       100%       N/A       1%          3
 Mephitic Cloud           Conj/Pois/Air  52%        N/A       1%          3
 Vampiric Draining        Necr           71%        2d11      1%          3
 Flame Wave               Conj/Fire      61%        2d14      1%          4
 Fulminant Prism          Conj/Hex       30%        3d15      1%          4
 Iskenderun's Mystic Bla  Conj/Tloc      61%        2d13      1%          4
 Leda's Liquefaction      Hex/Erth       47%        N/A       1%          4
 Petrify                  Tmut/Erth      95%        N/A       1%          4
 Sticky Flame             Conj/Fire      61%        2d8       1%          4
 Summon Ice Beast         Ice/Summ       74%        N/A       1%          4
 Agony                    Necr           71%        N/A       1%          5
 Freezing Cloud           Conj/Ice/Air   38%        6-21      1%          5
 Apportation              Tloc           50%        N/A       2%          1
 Sting                    Tmut/Pois      100%       1d8       2%          1
 Summon Small Mammal      Summ           100%       N/A       2%          1
 Blink                    Tloc           50%        N/A       3%          2
 Call Imp                 Summ           50%        N/A       3%          2
 Jinxbite                 Hex            50%        N/A       3%          2
 Lesser Beckoning         Tloc           50%        N/A       3%          2
 Poisonous Vapours        Pois/Air       50%        N/A       3%          2
 Wereblood                Tmut           25%        N/A       3%          2
 Anguish                  Hex/Necr       26%        N/A       3%          4
 Arcjolt                  Conj/Air       30%        1d40      4%          5
 Irradiate                Conj/Tmut      30%        3d21      4%          5
 Call Canine Familiar     Summ           25%        N/A       7%          3
 Gell's Gravitas          Tloc           25%        N/A       7%          3
 Ignite Poison            Fire/Tmut/Pois 25%        N/A       7%          3
 Inner Flame              Hex/Fire       25%        N/A       7%          3
 Sigil of Binding         Hex            25%        N/A       7%          3
 Summon Guardian Golem    Hex/Summ       25%        N/A       7%          3
 Swiftness                Air            25%        N/A       7%          3
 Teleport Other           Tloc           25%        N/A       7%          3
 Tukima's Dance           Hex            25%        N/A       7%          3
 Volatile Blastmotes      Fire/Tloc      50%        2d14      7%          3
 Orb of Destruction       Conj           41%        9d11      10%         7
 Dimensional Bullseye     Hex/Tloc       12%        N/A       24%         4
 Olgreb's Toxic Radiance  Pois           25%        N/A       24%         4
 Summon Lightning Spire   Summ/Air       25%        N/A       24%         4
 Vhi's Electric Charge    Tloc/Air       50%        N/A       24%         4
 Conjure Ball Lightning   Conj/Air       30%        3x3d10    26%         6
 Starburst                Conj/Fire      30%        6d9       26%         6
 Alistair's Intoxication  Tmut/Pois      16%        N/A       54%         5
 Silence                  Hex/Air        12%        N/A       54%         5
 Summon Forest            Summ/Tloc      12%        N/A       54%         5
 Summon Mana Viper        Hex/Summ       25%        N/A       54%         5
 Yara's Violent Unravell  Hex/Tmut       12%        3d7       54%         5
 Spellforged Servitor     Conj/Summ      30%        N/A       82%         7
 Haunt                    Necr/Summ      26%        N/A       97%         7
 Dispersal                Tloc           12%        N/A       98%         6
 Eringya's Noxious Bog    Tmut/Pois      12%        4d6       98%         6
 Plasma Beam              Fire/Air       12%        2x1d23    98%         6
 Borgnjor's Revivificati  Necr           35%        N/A       98%         8
 Infestation              Necr           35%        N/A       98%         8
 Monstrous Menagerie      Summ           12%        N/A       100%        7
 Summon Hydra             Summ           12%        N/A       100%        7
 Discord                  Hex            12%        N/A       100%        8
 Disjunction              Tloc           12%        N/A       100%        8
 Ignition                 Fire           12%        3d6       100%        8
 Maxwell's Capacitive Co  Air            12%        ∞         100%        8
 Summon Horrible Things   Summ           12%        N/A       100%        8
 Death's Door             Necr           35%        N/A       100%        9
 Fire Storm               Conj/Fire      30%        8d8       100%        9
 Animate Armour           Summ/Erth      Unusable   N/A       N/A         4
 Simulacrum               Ice/Necr       Unusable   N/A       N/A         6

Dungeon Overview and Level Annotations

Branches:
Dungeon (15/15)            Temple (1/1) D:7            Lair (5/5) D:8
  Swamp (4/4) Lair:3        Snake (4/4) Lair:2        Slime (5/5) Lair:4
    Orc (2/2) D:10            Elf (3/3) Orc:2        Vaults (5/5) D:13
  Crypt (3/3) Vaults:2       Tomb (0/3) Crypt:3      Depths (4/4) D:15
   Hell (visited)             Dis (0/7) Hell            Geh (0/7) Hell
    Coc (0/7) Hell            Tar (0/7) Hell            Zot (5/5) Depths:4
  Sewer (visited)           IceCv (visited)         Desolation (visited)

Altars:
Ashenzari
Cheibriados
Dithmenos
Elyvilon
Fedhas
Gozag
Hepliaklqana
Kikubaaqudgha
Makhleb
Nemelex Xobeh
Okawaru
Qazlal
Ru
Sif Muna
Trog
Uskayaw
Vehumet
Wu Jian
Xom
Yredelemnul
Zin
The Shining One
Jiyva
Lugonu

Shops:
D:6 *   Orc:2 [(*??*   Elf:1 =   Elf:2 *([*(   Lair:4 (   Crypt:3 *
Depths:1 *((   Depths:2 *:   Depths:3 *   Depths:4 :

Portals:
Hell: Depths:1 Depths:2 Depths:3 Depths:4
Abyss: D:5 Slime:4 Depths:3
Pandemonium: Depths:1 Depths:2
Ziggurat: Depths:1

Annotations:
D:8 exclusion: ice statue
Lair:2 exclusion: oklob plant
Lair:5 1 runed translucent door
Elf:2 3 runed translucent doors


Innate Abilities, Weirdness & Mutations

Your dull iron-grey scales are very hard. (AC +18)
You are amphibious.
You cannot fit into any form of body armour.
You are cold-blooded and may be slowed by cold attacks.
Your tail ends in a venomous barb.
You are dopey. (Int -2)
Your system is resistant to poisons. (rPois)


Message History

You hit the orb of fire but do no damage.
You tail-slap the orb of fire, but do no damage.
The orb of fire is heavily damaged.
The moth of wrath angrily waves its antennae.
The black draconian breathes lightning at you.
The bolt of lightning misses the orb of fire.
The bolt of lightning hits the orb of fire.
The orb of fire completely resists.
The bolt of lightning hits you!
You hear a roar!
Casting: Lehudib's Crystal Spear (dangerous; 16% risk of failure)
Confirm with . or Enter, or press ? or * to list all spells.
You don't have enough magic to cast this spell.
You miss the orb of fire.
The orb of fire is heavily damaged.
The ghost moth stares at you.
You feel your power leaking away.
The orb of fire glows bright magenta.
The bolt of fire hits the orb of fire.
The orb of fire completely resists.
The bolt of fire misses you.
The black draconian breathes lightning at you.
The bolt of lightning misses the orb of fire.
The bolt of lightning hits the orb of fire.
The orb of fire completely resists.
The bolt of lightning misses you.
You hear a shout!
You hit the orb of fire but do no damage.
The orb of fire is heavily damaged.
You hear a roar!
The ghost moth stares at you.
Unknown command.
The orb of fire glows red.
The bolt of fire hits the orb of fire.
The orb of fire completely resists.
The bolt of fire misses you.
The orb of fire emits a lurid red light.
The bolt of fire hits the orb of fire.
The orb of fire completely resists.
The bolt of fire hits you!!! You resist.
* * * LOW HITPOINT WARNING * * *
The orb of fire glows red.
The fireball explodes!
The fireball engulfs you!!! You resist.
You die...
Your body crumbles into a pile of gold.

,,,,,,,,,,,,,,,,,,,**,,,,,,,,,**,
,,,,,,,,^,,,,,^,,,,***,,,,,,,***,
,,,,,,,,,,,,,,,,^,,* ********* *,
,,,,,,,,,,,,,,^,,,** **
,,,,,,,,,,,,,,,,*** *
,,,,,,,,,,,,,****
,,,.##▓▓▓▓▓▓▓▓▓▓▓#
,,,.........*d*..### ##
^,,.....$....##.@..## ##.
,,,.*.........###...###########..
,,^............###............^..
,,,.....^......# ##...[.........#
,,,......^.y...# #..........^.^#
,,,....$.......# ##...........##
,,,^...^.!.....# #...........#
,,,d...........# ##...........##
,,,,,.........## #.............#


You could see 2 orbs of fire and a black draconian.

Vanquished Creatures
  the Royal Jelly (Slime:5)
  A dread lich (Crypt:2)
  An ancient lich (Zot:5)
  A juggernaut (Depths:3)
  Sojobo (Vaults:5)
  Josephina (Crypt:3)
  Saint Roka (Vaults:2)
  A curse toe (Zot:4)
  A Killer Klown (Zot:2)
  5 caustic shrikes
  Bai Suzhen (Vaults:2)
  8 golden dragons
  Geryon (Hell)
  3 bone dragons
  2 pandemonium lords (Pan)
  Jory (Vaults:4)
  2 pearl dragons (Pan)
  A Tzitzimitl (Pan)
  A Brimstone Fiend (Pan)
  15 tentacled monstrosities
  2 Ice Fiends (Pan)
  5 Hell Sentinels (Pan)
  12 Orb Guardians (Zot:5)
  5 liches
  Mlioglotl (Swamp:3)
  6 deep elf blademasters
  A walking earthen tome (Depths:3)
  Asterion (Vaults:3)
  11 titans
  Gastronok (Lair:2)
  17 acid blobs
  3 Executioners
  7 quicksilver dragons
  3 ancient champions
  6 sphinxes
  A kraken (Abyss:3)
  3 deep elf master archers (Elf:3)
  6 death cobs
  3 tentacled starspawn (Abyss:3)
  15 shadow dragons
  Kirke (D:13)
  Aizul (Swamp:2)
  12 tengu reavers
  3 revenants
  11 storm dragons
  5 draconian monks
  Donald (Swamp:2)
  2 fenstrider witches
  A thorn hunter (Swamp:4)
  13 rockslimes
  13 daevas (Pan)
  10 nagarajas
  6 deep elf sorcerers (Elf:3)
  9 fire giants
  3 demonspawn warmongers (Pan)
  11 azure jellies
  A balrug (Pan)
  4 draconian knights
  9 frost giants
  4 deep elf elementalists (Elf:3)
  An imperial myrmidon (Desolation)
  2 draconian scorchers
  A spectral juggernaut (Crypt:3)
  4 ghost moths
  7 ghouls
  20 vault wardens
  25 angels
  A spectral caustic shrike (Crypt:3)
  A juggernaut zombie (Depths:2)
  5 cacodemons
  4 iron dragons
  A curse skull (Crypt:3)
  3 draconian stormcallers
  3 orc warlords
  7 reapers
  A caustic shrike zombie (Hell)
  4 draconian annihilators
  15 stone giants
  9 draconian shifters
  3 demonspawn corrupters (Pan)
  8 ironbound thunderhulks
  13 quicksilver oozes
  28 ironbound preservers
  A demonspawn blood saint (Pan)
  A caustic shrike skeleton (Abyss:3)
  14 very ugly things
  8 formless jellyfish
  5 vampire knights
  12 ophanim (Pan)
  3 deep elf demonologists
  34 apis (Pan)
  12 black draconians
  3 bunyips
  7 war gargoyles
  9 green draconians
  A lorocyproca (Depths:2)
  Azrael (Elf:1)
  4 eleionomae
  7 spark wasps
  7 white draconians
  12 deep elf annihilators
  3 dire elephants
  7 purple draconians
  An eleionoma (shapeshifter) (Depths:2)
  5 red draconians
  7 yellow draconians
  A wendigo (Hell)
  9 eidola
  6 deep elf death magi
  Snorg (D:11)
  13 green deaths
  15 ettins
  2 spectral quicksilver dragons (Crypt:3)
  8 deep elf high priests
  7 fire dragons
  10 yaktaur captains
  2 entropy weavers
  A spectral spriggan (Crypt:3)
  3 salamander tyrants (Snake:4)
  10 blizzard demons
  12 jiangshi
  A spectral golden dragon (Crypt:3)
  7 ice dragons
  13 great orbs of eyes
  The ghost of Talonman3 the Covert, a journeyman KoNe of Kikubaaqudgha (Lair:2)
  54 vault guards
  2 servants of whispers (Desolation)
  6 ragged hierophants (Desolation)
  A hell beast (Depths:2)
  2 catoblepae (Abyss:3)
  The ghost of dertzug the Cleaver, a journeyman MiFi of Hepliaklqana (D:13)
  Erolcha (Orc:1)
  21 hydras
  2 caustic shrike simulacra
  A jorogumo (shapeshifter) (Vaults:5)
  3 spriggan zombies
  9 rakshasas
  The ghost of flt the Nimble, a journeyman DjIE of Nemelex Xobeh (D:9)
  A ghost crab (Swamp:3)
  7 alligators
  4 peacekeepers (Desolation)
  7 spriggan air magi
  9 boulder beetles
  2 ogre magi
  12 two-headed ogres
  Erica (Lair:1)
  19 dancing weapons
  8 anacondas
  7 centaur warriors
  23 naga warriors
  15 ironbound frosthearts
  3 death knights
  12 hell hogs
  9 death yaks
  10 vampire magi
  2 spectral stone giants (Crypt:3)
  An Orb Guardian skeleton (Crypt:3)
  11 tengu warriors
  A two-headed ogre (shapeshifter) (D:15)
  5 deep troll shamans
  9 naga sharpshooters
  2 demonic crawlers (Pan)
  2 spectral dire elephants (Crypt:3)
  6 deep troll earth magi
  8 orc high priests
  6 occultists
  2 thrashing horrors (Abyss:3)
  7 shock serpents
  2 spriggans (Swamp:2)
  6 hell knights (Depths:2)
  5 spriggan berserkers
  34 sun demons
  19 deep elf knights
  12 soul eaters
  A wretched star (Abyss:3)
  4 salamander mystics
  9 shadow wraiths
  22 large abominations
  Amaemon (D:9)
  15 cherubim (Pan)
  2 skysharks (Lair:5)
  3 spriggan druids
  5 iron trolls
  12 shadow demons
  16 swamp dragons
  5 goliath frogs
  7 sixfirhies
  6 glowing orange brains
  5 naga ritualists
  A death drake (shapeshifter) (Vaults:5)
  7 bog bodies
  3 spectral anacondas (Crypt:3)
  18 skeletal warriors
  A swamp dragon (shapeshifter) (Vaults:5)
  24 ironbound convokers
  58 deep trolls
  3 golden dragon skeletons
  An orange crystal statue (Snake:1)
  20 deep elf archers
  A spriggan simulacrum (Crypt:3)
  2 death drakes
  8 flayed ghosts
  A tengu zombie (Hell)
  5 arcanists
  9 lindwurms
  Pikel (D:8)
  9 necromancers
  15 orc knights
  21 phantasmal warriors
  35 deep elf pyromancers
  6 harpies (Vaults:1)
  12 mana vipers
  27 deep elf zephyrmancers
  A goliath frog zombie (Crypt:3)
  A human zombie (Vaults:3)
  A spectral ettin (Crypt:3)
  11 cyclopes
  A frost giant zombie (Vaults:3)
  7 orc sorcerers
  3 will-o-the-wisps
  5 manticores
  5 shining eyes
  16 salamanders
  36 ugly things
  3 spectral centaurs (Crypt:3)
  19 moths of wrath
  Maurice (D:8)
  36 black mambas
  A fire giant skeleton (Depths:2)
  A centaur zombie (Hell)
  2 eyes of devastation
  7 guardian serpents
  9 rust devils
  2 ice statues (IceCv)
  30 smoke demons
  18 vault sentinels
  A gargoyle (D:13)
  20 naga magi
  A dire elephant zombie (Hell)
  5 torpor snails (Lair:5)
  2 yaktaur zombies
  2 titan simulacra
  4 hellions
  2 unseen horrors
  6 cane toads
  A storm dragon simulacrum (Crypt:3)
  A pale draconian zombie (Crypt:2)
  4 molten gargoyles
  A black draconian zombie (Crypt:1)
  6 orange demons
  13 komodo dragons
  A yaktaur (shapeshifter) (Abyss:4)
  44 yaktaurs
  A sea snake zombie (Crypt:2)
  Jeremiah (D:6)
  An anaconda simulacrum (Crypt:3)
  4 rime drakes
  19 freezing wraiths
  A bunyip simulacrum (Hell)
  2 efreet
  A komodo dragon (shapeshifter) (D:14)
  8 catoblepas skeletons (Abyss:3)
  3 ancient zymes (Abyss:3)
  A purple draconian skeleton (Crypt:1)
  A red devil (Pan)
  10 tengu conjurers
  A spectral harpy (Crypt:3)
  A queen bee (shapeshifter) (D:14)
  6 ice devils
  7 polar bears
  2 bloated husks (Swamp:2)
  A harpy zombie (Crypt:2)
  A wind drake (shapeshifter) (Depths:2)
  20 hellwings
  13 tyrant leeches
  10 wind drakes (Pan)
  Grinder (D:6)
  8 trolls
  A harpy skeleton (Crypt:3)
  A fire dragon zombie (Crypt:3)
  A hornet (shapeshifter) (Vaults:5)
  13 blink frogs
  9 hornets
  2 raiju (shapeshifter)
  3 glass eyes
  39 saltlings
  10 raiju (Abyss:3)
  A glass eye (shapeshifter) (Vaults:5)
  6 dream sheep
  91 slime creatures
  A stone giant simulacrum (Hell)
  An air elemental (Elf:2)
  A centaur simulacrum (D:14)
  A frost giant simulacrum (Depths:2)
  A slime creature (shapeshifter) (Depths:3)
  5 water elementals
  A dire elephant simulacrum (Crypt:3)
  9 flying skulls
  5 humans
  12 wraiths
  2 culicivoras (Vaults:3)
  9 ynoxinuls
  6 golden eyes (Slime:5)
  7 small abominations
  Grum (D:11)
  Eustachio (D:4)
  57 yaks
  A basilisk (shapeshifter) (D:14)
  2 fire elementals
  8 hogs
  3 neqoxecs
  6 wyverns
  6 basilisks
  6 steam dragons
  6 vampire mosquitoes
  14 chaos spawn (Pan)
  11 swamp worms
  A redback (Vaults:3)
  A naga zombie (Crypt:3)
  3 great orb of eyes simulacra (IceCv)
  A naga (shapeshifter) (D:15)
  A demonspawn zombie (Crypt:3)
  5 wargs
  4 acid dragons
  68 nagas
  4 hell hounds (Elf:1)
  20 water moccasins
  A harpy simulacrum (Crypt:3)
  A merfolk skeleton (Crypt:2)
  43 orc warriors
  4 black bears
  An elephant zombie (Crypt:3)
  9 swamp drakes
  4 sky beasts
  An ettin simulacrum (Crypt:3)
  6 ogres
  A swamp dragon zombie (Crypt:2)
  2 human skeletons (Vaults:4)
  14 wolves
  A lindwurm zombie (Crypt:2)
  A centaur (D:13)
  4 slime creature simulacra (IceCv)
  An elf simulacrum (Vaults:4)
  2 phantoms
  5 kobold brigands
  4 lemures (D:8)
  A draconian skeleton (Crypt:2)
  12 earth elementals
  2 naga simulacra
  3 necrophages (Crypt:2)
  3 scorpions
  A water moccasin zombie (Crypt:1)
  10 bullfrogs
  A jelly (D:8)
  7 wights
  5 killer bees (D:8)
  A polar bear zombie (Crypt:1)
  5 howler monkeys
  An electric eel (Lair:3)
  A wolf skeleton (Crypt:2)
  A quasit (Abyss:3)
  3 hounds
  Crazy Yiuf (D:3)
  A gnoll bouda (D:7)
  25 orc priests
  An iron imp (D:5)
  A sleepcap (D:8)
  Jessica (D:2)
  9 iguanas
  23 orc wizards
  2 shapeshifter simulacra (IceCv)
  2 hell rats (D:8)
  An acid dragon zombie (Crypt:1)
  A hound zombie (Crypt:1)
  Robin (D:2)
  5 gnolls (D:7)
  8 adders
  4 river rats (D:8)
  A shadow imp (D:6)
  A steam dragon skeleton (Crypt:1)
  A white imp (D:7)
  3 ufetubi
  An adder zombie (Crypt:3)
  A worm (D:2)
  The ghost of Zenn the Sneak, a weakling DrDe (D:5)
  3 dart slugs
  64 orcs
  10 bats
  8 endoplasms
  4 giant cockroaches
  13 goblins
  7 hobgoblins
  5 quokkas
  4 ball pythons
  4 frilled lizards
  25 kobolds
  A kobold zombie (Crypt:2)
  12 rats
  A river rat skeleton (Crypt:1)
  A butterfly (Lair:5)
  A lurking horror (Slime:4)
  A spectral weapon (Vaults:3)
  2 starspawn tentacles (Abyss:3)
  2 tentacles (Abyss:3)
2871 creatures vanquished.

Vanquished Creatures (collateral kills)
  A draconian annihilator (Pan)
  A white draconian (Zot:5)
  A hellion (Pan)
3 creatures vanquished.

Vanquished Creatures (others)
  A golden dragon (Depths:3)
  A titan (Pan)
  A vampire knight (Depths:3)
  A deep elf annihilator (Pan)
  An ettin (D:14)
  A blizzard demon (Pan)
  A green death (Pan)
  A rakshasa (Pan)
  A deep elf knight (Elf:3)
  A sixfirhy (Pan)
  A spriggan simulacrum (Crypt:3)
  An arcanist (Pan)
  A deep elf pyromancer (Elf:1)
  A deep elf zephyrmancer (Elf:3)
  A bloated husk (Swamp:2)
  2 saltlings (Desolation)
  A wind drake (Pan)
  A hellwing (Pan)
  A human (D:13)
  An orc warrior (Vaults:2)
  An ettin simulacrum (Hell)
  An orc priest (Orc:2)
  An orc (Orc:2)
  7 ball lightnings (Pan)
  10 foxfires (Swamp:2)
  4 starspawn tentacles (Abyss:3)
  6 tentacles (Abyss:3)
51 creatures vanquished.

Grand Total: 2925 creatures vanquished

Notes
Turn   | Place    | Note
-------+----------+-------------------------------------------
     0 | D:1      | kemist the Draconian Ice Elementalist began the quest for
                  | the Orb.
     0 | D:1      | Reached XP level 1. HP: 14/14 MP: 3/3
   251 | D:1      | Found a faded altar of an unknown god.
   332 | D:1      | Reached skill level 2 in Dodging
   332 | D:1      | Reached XP level 2. HP: 15/20 MP: 0/5
   967 | D:1      | Reached XP level 3. HP: 26/26 MP: 6/6
  1290 | D:2      | Learned a level 3 spell: Frozen Ramparts
  1536 | D:2      | Noticed Jessica
  1542 | D:2      | Killed Jessica
  1543 | D:2      | Reached skill level 1 in Shapeshifting
  1543 | D:2      | Reached XP level 4. HP: 33/33 MP: 3/7
  1634 | D:2      | Noticed Robin
  1659 | D:2      | Killed Robin
  2061 | D:2      | Learned a level 3 spell: Ozocubu's Armour
  2110 | D:3      | Found a broken altar of Ashenzari.
  2380 | D:3      | Reached XP level 5. HP: 37/38 MP: 9/9
  2650 | D:3      | Found a runed translucent door.
  2651 | D:3      | Noticed Crazy Yiuf
  3054 | D:3      | Killed Crazy Yiuf
  3370 | D:4      | Reached skill level 3 in Dodging
  3469 | D:4      | Noticed a black bear
  3604 | D:4      | Upgraded the game from 0.31-a0-934-gf4fcaacff8 to
                  | 0.31-a0-960-g0fca184906
  3643 | D:4      | Noticed Eustachio
  3667 | D:4      | Killed Eustachio
  3668 | D:4      | Reached skill level 1 in Fighting
  3668 | D:4      | Reached skill level 5 in Ice Magic
  3668 | D:4      | Reached XP level 6. HP: 42/47 MP: 8/10
  3896 | D:4      | Your scales start taking on a dull iron-grey colour.
  3896 | D:4      | Reached XP level 7. HP: 55/55 MP: 11/11
  4194 | D:5      | Entered Level 5 of the Dungeon
  4209 | D:5      | Reached skill level 4 in Dodging
  4224 | D:5      | Found a transporter.
  4228 | D:5      | Found a transporter.
  4237 | D:5      | Noticed a small abomination
  4257 | D:5      | Noticed a small abomination
  4280 | D:5      | Found a basalt altar of Yredelemnul.
  4313 | D:5      | Found a radiant altar of Vehumet.
  4319 | D:5      | Found a glowing drain.
  4325 | Sewer    | Entered a sewer
  4563 | Sewer    | Reached XP level 8. HP: 51/66 MP: 12/12
  5160 | D:5      | Reached skill level 5 in Dodging
  5195 | D:5      | Killed a small abomination
  5196 | D:5      | Reached skill level 5 in Fighting
  5196 | D:5      | Found a one-way gate to the infinite horrors of the Abyss.
  5196 | D:5      | Noticed Zenn's ghost (weakling DrDe)
  5202 | D:5      | Killed Zenn's ghost
  5241 | D:6      | Identified the "Ugupnade"
  5291 | D:6      | Noticed Grinder
  5333 | D:6      | Paralysed by Grinder for 5 turns
  5340 | D:6      | Killed Grinder
  5341 | D:6      | Reached skill level 5 in Shapeshifting
  5341 | D:6      | Reached XP level 9. HP: 42/74 MP: 8/13
  5522 | D:6      | Noticed Jeremiah
  5695 | D:5      | Upgraded the game from 0.31-a0-960-g0fca184906 to
                  | 0.31-a0-963-ga325b2283a
  5952 | D:6      | Found Zibrukas's Serpentskin Sales.
  6067 | D:6      | Found a shimmering blue altar of Sif Muna.
  6101 | D:6      | Reached skill level 6 in Dodging
  6152 | D:6      | Killed Jeremiah
  6349 | D:7      | Found a bloodstained altar of Trog.
  6388 | D:7      | Found a staircase to the Ecumenical Temple.
  6393 | Temple   | Entered the Ecumenical Temple
  6409 | Temple   | Became a worshipper of Gozag Ym Sagoz the Greedy
  6497 | D:7      | Identified the +3 leather armour of Ignis's Castigation
                  | {Drain rElec rC+ Regen+}
  6528 | D:7      | Found an iron altar of Okawaru.
  6789 | D:7      | Found a snail-covered altar of Cheibriados.
  7071 | D:8      | Noticed a death yak
  7073 | D:8      | Noticed a death yak
  7080 | D:8      | Noticed a death yak
  7101 | D:8      | Reached XP level 10. HP: 86/86 MP: 9/14
  7109 | D:8      | Killed a death yak
  7110 | D:8      | Reached skill level 7 in Dodging
  7116 | D:8      | Killed a death yak
  7116 | D:8      | Killed a death yak
  7281 | D:8      | Found a staircase to the Lair.
  7362 | D:8      | Noticed a two-headed ogre
  7376 | D:8      | Killed a two-headed ogre
  7605 | D:8      | Reached skill level 8 in Dodging
  7791 | D:8      | Noticed Pikel
  7836 | D:8      | Killed Pikel
  7892 | D:8      | Reached skill level 1 in Short Blades
  7930 | D:8      | Noticed Maurice
  7976 | D:8      | Killed Maurice
  7977 | D:8      | Reached XP level 11. HP: 97/97 MP: 13/15
  8320 | D:8      | Found a shadowy altar of Dithmenos.
  8514 | D:8      | Found the macabre finger necklace {Finger+ rN+}
  8622 | D:9      | Found a blossoming altar of Fedhas.
  8686 | D:9      | Reached XP level 12. HP: 113/115 MP: 16/16
  8687 | D:9      | Reached skill level 15 in Fighting
  8687 | D:9      | Reached XP level 13. HP: 126/128 MP: 17/17
  8717 | D:9      | Found an ancient bone altar of Kikubaaqudgha.
  8873 | D:9      | Found a stormy altar of Qazlal.
  8942 | D:9      | Noticed Amaemon
  8945 | D:9      | Found a runed translucent gate.
  8946 | D:9      | Noticed flt's ghost (journeyman DjIE)
  8962 | D:9      | Killed Amaemon
  9007 | D:9      | Found a runed translucent gate.
  9008 | D:9      | Found a runed translucent gate.
  9051 | D:9      | Killed flt's ghost
  9675 | Lair:1   | Entered Level 1 of the Lair of Beasts
  9784 | Lair:1   | Reached skill level 1 in Shields
  9889 | Lair:1   | Learned a level 7 spell: Ozocubu's Refrigeration
 10546 | Lair:1   | Noticed Erica
 10570 | Lair:1   | Killed Erica
 10766 | Lair:2   | Reached skill level 9 in Dodging
 10817 | Lair:2   | Reached skill level 10 in Ice Magic
 11008 | Lair:2   | Found a runed translucent gate.
 11009 | Lair:2   | Found a runed translucent gate.
 11009 | Lair:2   | Noticed Talonman3's ghost (journeyman KoNe)
 11010 | Lair:2   | Found a runed translucent gate.
 11126 | Lair:2   | Found a staircase to the Snake Pit.
 11322 | Lair:2   | Noticed Gastronok
 11360 | Lair:2   | Killed Gastronok
 11361 | Lair:2   | Reached skill level 5 in Spellcasting
 12109 | Lair:2   | Reached skill level 5 in Short Blades
 12707 | Lair:3   | Found a staircase to the Swamp.
 12720 | Lair:3   | Reached XP level 14. HP: 96/138 MP: 22/22
 13259 | Lair:3   | Found a glowing silver altar of Zin.
 13692 | Lair:3   | Reached skill level 5 in Shields
 13820 | Lair:3   | Identified the +2 robe "Dafit" {rF+ Regen+ Str+4 Dex+4}
 14557 | Lair:4   | Reached skill level 10 in Dodging
 15591 | Lair:4   | Found a staircase to the Slime Pits.
 15831 | Lair:5   | Entered Level 5 of the Lair of Beasts
 17718 | D:6      | Bought a ring of poison resistance for 200 gold pieces
 18378 | Lair:5   | Found a runed translucent door.
 19453 | Snake:1  | Entered Level 1 of the Snake Pit
 20006 | Snake:1  | Upgraded the game from 0.31-a0-963-ga325b2283a to
                  | 0.31-a0-965-g8a8ce12e04
 20060 | Snake:1  | Reached skill level 11 in Dodging
 20060 | Snake:1  | Reached XP level 15. HP: 125/145 MP: 20/26
 20195 | Snake:1  | Learned a level 3 spell: Hailstorm
 20343 | Snake:1  | Found a shimmering altar of Xom.
 20379 | Snake:1  | Reached skill level 1 in Conjurations
 20697 | Snake:1  | Found a transporter.
 20714 | Snake:1  | Found a transporter.
 21597 | Snake:2  | Noticed a nagaraja
 21622 | Snake:2  | Killed a nagaraja
 22126 | Snake:2  | Identified the +4 falchion of the Spinneret {venom, rC+
                  | rN++ Int-2}
 24597 | Snake:3  | Reached skill level 12 in Dodging
 24597 | Snake:3  | Reached skill level 5 in Conjurations
 24608 | Snake:3  | Reached XP level 16. HP: 152/152 MP: 11/29
 24797 | Snake:3  | Found a sacrificial altar of Ru.
 24980 | Snake:3  | Upgraded the game from 0.31-a0-965-g8a8ce12e04 to
                  | 0.31-a0-968-g24f9ace8b5
 25007 | Snake:4  | Entered Level 4 of the Snake Pit
 25076 | Snake:4  | Reached skill level 10 in Short Blades
 28447 | Snake:4  | Reached skill level 13 in Dodging
 31049 | Snake:4  | Got a serpentine rune of Zot
 31841 | D:10     | Entered Level 10 of the Dungeon
 32041 | D:10     | Reached skill level 15 in Ice Magic
 32112 | D:10     | Found a staircase to the Orcish Mines.
 32574 | D:10     | Found a hazy altar of Hepliaklqana.
 32575 | D:10     | Found a glowing silver altar of Zin.
 33090 | Orc:1    | Entered Level 1 of the Orcish Mines
 33197 | Orc:1    | Found a radiant altar of Vehumet.
 33543 | Orc:2    | Entered Level 2 of the Orcish Mines
 33675 | Orc:2    | Reached skill level 14 in Dodging
 33746 | Orc:2    | Found a frozen archway.
 33806 | IceCv    | Entered an ice cave
 33986 | IceCv    | Reached XP level 17. HP: 159/159 MP: 8/30
 34958 | IceCv    | Learned a level 3 spell: Stone Arrow
 35418 | IceCv    | Found a viscous altar of Jiyva.
 35434 | IceCv    | Reached skill level 1 in Earth Magic
 35766 | IceCv    | Got the ring of Ughyis {rC+ Int+3 Dex+3}
 35768 | IceCv    | Got the ring "Voer" {Ice rCorr Int+2 Dex-2 Slay+5}
 36148 | Orc:2    | Found a staircase to the Elven Halls.
 36576 | Orc:2    | Found Zelo's Assorted Antiques.
 36576 | Orc:2    | Found Sicziywk's Antique Armour Boutique.
 36819 | Orc:2    | Found Punni's Magic Scroll Boutique.
 36819 | Orc:2    | Found Yfulimni's Magic Scroll Emporium.
 36834 | Orc:2    | Bought 2 sedimented white potions for 59 gold pieces
 36839 | Orc:2    | Bought a glowing tower shield for 240 gold pieces
 36843 | Orc:2    | Bought a scroll of butterflies for 48 gold pieces
 36843 | Orc:2    | Bought a scroll of blinking for 90 gold pieces
 36844 | Orc:2    | Bought a scroll of butterflies for 52 gold pieces
 36903 | Orc:1    | Noticed Erolcha
 36907 | Orc:1    | Killed Erolcha
 37597 | Swamp:1  | Entered Level 1 of the Swamp
 38381 | Swamp:2  | Identified the serpent talisman of the Eight Boll Weevils
                  | {rElec Will+}
 38381 | Swamp:2  | Noticed Aizul
 39465 | Swamp:2  | Killed Aizul
 40481 | Swamp:3  | Noticed Donald
 40492 | Swamp:3  | Reached skill level 10 in Spellcasting
 40684 | Swamp:3  | Reached skill level 15 in Dodging
 41333 | Swamp:3  | Noticed Mlioglotl
 41691 | Swamp:2  | Killed Donald
 42050 | Swamp:3  | Killed Mlioglotl
 42546 | Swamp:4  | Entered Level 4 of the Swamp
 44121 | Swamp:4  | Reached XP level 18. HP: 68/167 MP: 2/32
 45422 | Swamp:4  | Got a decaying rune of Zot
 45786 | D:11     | Noticed Snorg
 45789 | D:11     | Killed Snorg
 46445 | D:11     | Noticed Grum
 46454 | D:11     | Killed Grum
 47892 | D:12     | Identified the ring of Skepticism {rF+ Dex+3}
 48623 | D:13     | Found a transporter.
 48632 | D:13     | Noticed dertzug's ghost (journeyman MiFi)
 48654 | D:13     | Found a transporter.
 48842 | D:13     | Killed dertzug's ghost
 48911 | D:13     | Identified the +8 plate armour of the Morning {rN+ Will+
                  | Str+3 Dex-3 Stlth-}
 49440 | D:13     | Found a gate to the Vaults.
 49555 | D:13     | Noticed Kirke
 49570 | D:13     | Killed Kirke
 49994 | Lair:2   | Reached skill level 16 in Dodging
 49996 | Lair:2   | Killed Talonman3's ghost
 50178 | Snake:1  | Identified the ring of Lukepur {Will+ Dex+6}
 52346 | D:15     | Entered Level 15 of the Dungeon
 52826 | Desolati | Identified the "Akkun"
 52826 | Desolati | Identified the "Nyfes"
 52826 | Desolati | Identified the "Tioc"
 52826 | Desolati | Identified the "Ufos"
 52826 | Desolati | Identified the "Fipral"
 52826 | Vaults:1 | Entered Level 1 of the Vaults
 52906 | Vaults:1 | Reached skill level 1 in Evocations
 53015 | Vaults:1 | Found a crumbling gateway.
 53021 | Desolati | Entered the Desolation of Salt
 53346 | Desolati | Reached skill level 5 in Earth Magic
 53346 | Desolati | Reached XP level 19. HP: 163/173 MP: 6/33
 54291 | Vaults:1 | Identified the +8 trident of Fedhas's Generosity {flame,
                  | rN+ Will+}
 54987 | Vaults:1 | Paralysed by a formless jellyfish for 1 turns
 54989 | Vaults:1 | Paralysed by a formless jellyfish for 1 turns
 55608 | Vaults:1 | Identified the +6 scale mail "Nomel" {rF+ rC+ Int-3}
 55901 | Vaults:1 | Reached skill level 10 in Shields
 56533 | Vaults:1 | Reached skill level 1 in Staves
 57443 | Vaults:2 | Reached skill level 17 in Dodging
 58625 | Vaults:2 | Found a gateway to a bazaar.
 58691 | Vaults:2 | Noticed Saint Roka
 58695 | Vaults:2 | Reached skill level 5 in Evocations
 58710 | Vaults:2 | Killed Saint Roka
 59344 | Vaults:2 | Found a staircase to the Crypt.
 60744 | Vaults:5 | Identified the "Jujatod"
 60744 | Vaults:5 | Identified the "Moipp"
 60744 | Vaults:5 | Identified the "Lepp"
 60744 | Crypt:3  | Identified the "Danatewk"
 60744 | Crypt:3  | Identified the "Saezi"
 60744 | Depths:3 | Identified the "Coptin Ucra"
 60744 | Elf:1    | Entered Level 1 of the Elven Halls
 60990 | Elf:1    | Reached XP level 20. HP: 182/182 MP: 14/34
 61760 | Elf:1    | Noticed Azrael
 61766 | Elf:1    | Killed Azrael
 61981 | Elf:1    | Reached skill level 5 in Staves
 62352 | Elf:1    | Found Hirir's Jewellery Shop.
 62982 | Elf:1    | Reached skill level 5 in Stealth
 63049 | Elf:1    | Found the +8 pair of quick blades "Gyre" and "Gimble"
                  | {protect}
 63498 | Vaults:2 | Noticed Bai Suzhen
 64484 | Elf:2    | Found Tuw Rairo's General Store.
 64552 | Elf:2    | Bought a scroll of enchant armour for 97 gold pieces
 64601 | Elf:2    | Found Noylid's Assorted Antiques.
 64625 | Elf:2    | Found a runed translucent gate.
 64638 | Elf:2    | Found a runed translucent gate.
 64794 | Elf:2    | Found a runed translucent gate.
 64938 | Elf:2    | Found Odilo's Antique Weapon Boutique.
 64949 | Elf:2    | Paralysed by an air elemental for 1 turns
 64951 | Elf:2    | Paralysed by an air elemental for 1 turns
 65143 | Elf:2    | Found Womnail's Antique Weapon Shoppe.
 65246 | Elf:2    | Found Nidaamesm's Armour Boutique.
 65731 | Bazaar   | Entered a bazaar
 65731 | Bazaar   | Found Iruj's Distillery.
 65731 | Bazaar   | Found Vugraem's Antique Weapon Shop.
 65784 | Bazaar   | Found Muep's Antique Armour Shop.
 65809 | Bazaar   | Bought a potion of cancellation for 72 gold pieces
 65809 | Bazaar   | Bought a potion of haste for 90 gold pieces
 65809 | Bazaar   | Bought a potion of cancellation for 72 gold pieces
 65809 | Bazaar   | Bought 2 potions of resistance for 180 gold pieces
 65809 | Bazaar   | Bought a potion of haste for 90 gold pieces
 65809 | Bazaar   | Bought a potion of might for 36 gold pieces
 65809 | Bazaar   | Bought 2 potions of might for 72 gold pieces
 65809 | Bazaar   | Bought 2 potions of might for 72 gold pieces
 65809 | Bazaar   | Bought a potion of brilliance for 36 gold pieces
 66233 | Elf:3    | Identified the of Juutwun
 66233 | Elf:3    | Identified the "Quzuzxaj"
 66233 | Elf:3    | Identified the of Virev
 66233 | Elf:3    | Identified the "Xotol"
 66233 | Elf:3    | Entered Level 3 of the Elven Halls
 67647 | Elf:3    | Identified the +9 broad axe of Causality {freeze, rElec
                  | rC+}
 68115 | Elf:3    | Identified the +5 war axe of True Grit {pain, SInv}
 68127 | Elf:3    | Identified the +1 halberd "Hogorgh" {heavy, rF- rN+++ Str-3
                  | Int+5}
 68225 | Elf:3    | Reached XP level 21. HP: 189/189 MP: 1/35
 68546 | Elf:3    | Reached skill level 18 in Dodging
 68783 | Elf:3    | Identified the +5 mace of Ravage {flame, rCorr Dex+4}
 72543 | Vaults:3 | Noticed Asterion
 72551 | Vaults:3 | Killed Asterion
 74437 | Vaults:4 | Reached skill level 10 in Evocations
 74481 | Vaults:4 | Reached XP level 22. HP: 77/196 MP: 12/38
 75967 | Vaults:4 | Identified the +10 arbalest of False Hope {elec, Str+3
                  | Dex+6 Stlth+}
 77049 | Elf:1    | Bought the ring of Ascent {rF++ Will+ Dex+4} for 1158 gold
                  | pieces
 77415 | Vaults:5 | Entered Level 5 of the Vaults
 77631 | Vaults:5 | Identified the storm talisman of the Wheelwright {rN+ Will-
                  | Int+2 Dex+2}
 77631 | Vaults:5 | Noticed Sojobo
 77642 | Vaults:5 | Killed Sojobo
 77867 | Vaults:5 | Reached skill level 19 in Dodging
 78617 | Vaults:5 | Noticed Jory
 78650 | Vaults:4 | Killed Jory
 80032 | Vaults:5 | Identified the ring of the Enemy {rPois Will+ Dex+2 Stlth+}
 80716 | Vaults:5 | Reached XP level 23. HP: 203/203 MP: 19/40
 81114 | Vaults:5 | Identified the +10 dagger "Zaypynt" {protect, rCorr Dex+4}
 81577 | Vaults:5 | Learned a level 5 spell: Borgnjor's Vile Clutch
 82039 | Vaults:5 | Got a silver rune of Zot
 82434 | Vaults:5 | Reached skill level 1 in Necromancy
 82581 | Vaults:5 | Identified the +4 dagger of Turmoil {speed, rPois}
 82881 | Vaults:5 | Identified the ring of Stoicism {Ice Str-2 Int+5 SInv}
 83107 | Vaults:5 | Identified the ring "Kuachugy" {MP+9 Int+6 SInv}
 83335 | Vaults:5 | Learned a level 5 spell: Lee's Rapid Deconstruction
 83339 | Vaults:5 | Identified the +5 shortbow of Hard Scrabble {freeze, Drain
                  | +Blink rElec rF++}
 83630 | Crypt:1  | Entered Level 1 of the Crypt
 84172 | D:15     | Found a staircase to the Depths.
 84248 | D:15     | Found a stormy altar of Qazlal.
 84964 | Depths:1 | Entered Level 1 of the Depths
 85008 | Depths:1 | Found Efunow's Antique Weapon Emporium.
 85008 | Depths:1 | Found Kidoon's Antique Weapon Shoppe.
 85185 | Depths:1 | Reached skill level 10 in Staves
 85467 | Depths:1 | Found a gateway to Hell.
 85573 | Depths:1 | Found a shadowy altar of Dithmenos.
 85634 | Depths:1 | Found Ygapsoe's Assorted Antiques.
 85642 | Depths:1 | Bought a potion of heal wounds for 120 gold pieces
 85642 | Depths:1 | Bought a potion of brilliance for 96 gold pieces
 85715 | Depths:1 | Upgraded the game from 0.31-a0-968-g24f9ace8b5 to
                  | 0.31-a0-978-g1e143483b6
 85914 | Depths:1 | Found a one-way gate leading to the halls of Pandemonium.
 86100 | Depths:1 | Found a one-way gateway to a ziggurat.
 86274 | Depths:1 | Identified the +5 arbalest "Bomot" {freeze, Int+8}
 89236 | Depths:2 | Identified the ring "Mutakob" {rCorr Str+3 Dex+3}
 89245 | Depths:2 | Reached skill level 10 in Earth Magic
 90216 | Depths:3 | Found Baach's Assorted Antiques.
 90240 | Depths:3 | Reached XP level 24. HP: 212/212 MP: 35/40
 90280 | Depths:3 | Noticed a juggernaut
 90302 | Depths:3 | Killed a juggernaut
 91837 | Depths:3 | Reached skill level 5 in Necromancy
 92075 | Depths:3 | Identified the +3 mace "Zakorhue" {protect, rN+}
 93454 | Depths:4 | Entered Level 4 of the Depths
 94306 | Depths:4 | Found a gate to the Realm of Zot.
 95205 | Depths:4 | Reached skill level 20 in Dodging
 96290 | Vaults:1 | Learned a level 6 spell: Bombard
 96328 | Vaults:2 | Killed Bai Suzhen
 99102 | Crypt:2  | Paralysed by a vampire knight for 4 turns
100204 | Crypt:3  | Entered Level 3 of the Crypt
100211 | Crypt:3  | Reached XP level 25. HP: 212/218 MP: 41/41
100712 | Crypt:3  | Noticed a dread lich
100734 | Crypt:2  | Killed a dread lich
100735 | Crypt:2  | Reached skill level 15 in Shields
101084 | Crypt:3  | Identified the ring of Eternal Night {Ice MP+9 Int+2 Dex+3}
101084 | Crypt:3  | Noticed Josephina
101095 | Crypt:3  | Killed Josephina
102857 | Crypt:3  | Identified the ring "Uczuilua" {Fly rN+ Dex+3}
102857 | Crypt:3  | Identified the ring of Scepticism {rPois rN+ Will+ rCorr
                  | Str-3}
103453 | Crypt:3  | Found a staircase to the Tomb.
104528 | Crypt:3  | Identified the ring of the Frog {Ice Str+3 Int+3}
104549 | Crypt:3  | Identified the staff "Cuf Qong" {rPois rF+ rN+ rCorr Necro}
105542 | Slime:1  | Entered Level 1 of the Pits of Slime
105547 | Slime:1  | Reached skill level 15 in Spellcasting
106149 | Slime:3  | Reached skill level 15 in Earth Magic
106796 | Slime:4  | Gained mutation: You occasionally lose the ability to drink
                  | potions when taking damage. [a shining eye]
106798 | Slime:4  | Lost mutation: You occasionally lose the ability to drink
                  | potions when taking damage. [potion of mutation]
106798 | Slime:4  | Gained mutation: You occasionally lose the ability to drink
                  | potions when taking damage. [potion of mutation]
106798 | Slime:4  | Gained mutation: You are vulnerable to heat. (rF-) [potion
                  | of mutation]
106799 | Slime:4  | Lost mutation: You occasionally lose the ability to drink
                  | potions when taking damage. [potion of mutation]
106799 | Slime:4  | Lost mutation: You are vulnerable to heat. (rF-) [potion of
                  | mutation]
106799 | Slime:4  | Gained mutation: Your system is resistant to poisons.
                  | (rPois) [potion of mutation]
106799 | Slime:4  | Gained mutation: Your tail ends in a venomous barb. [potion
                  | of mutation]
106866 | Slime:5  | Identified the "Quomirep"
106866 | Slime:5  | Identified the "Nyweus"
106866 | Slime:5  | Entered Level 5 of the Pits of Slime
107348 | Slime:5  | Noticed the Royal Jelly
107832 | Slime:5  | Paralysed by a formless jellyfish for 1 turns
107990 | Slime:5  | Found a viscous altar of Jiyva.
107991 | Slime:5  | Found the +7 sceptre of Torment {pain, torment}
108324 | Slime:4  | Found a corrupted altar of Lugonu.
109584 | Slime:5  | Killed the Royal Jelly
109789 | Slime:5  | Identified the +7 war axe "Vorimir" {venom, rPois rN+ Dex+5
                  | Stlth-}
109796 | Slime:5  | Got a slimy rune of Zot
109858 | Slime:5  | Identified the +9 broad axe of the Vaults {heavy, rPois rN+
                  | Will-}
109862 | Slime:5  | Identified the +1 great sword of Twilight {heavy, +Blink
                  | rF- Int+4 Stlth+}
109885 | Slime:5  | Identified the ring "Plog" {rElec MP+9 Dex-5 Slay+2 Stlth+}
109888 | Slime:5  | Identified the +0 leather armour "Benegeisi" {Str+2}
109901 | Slime:5  | Identified the ring of Jealousy {rPois MP+9 Str+3}
109903 | Slime:5  | Identified the staff "Draconian's Bane" {rF+ Stlth+ Earth}
110468 | Zot:1    | Entered Level 1 of the Realm of Zot
111487 | Zot:1    | Found the +4 consecrated labrys {holy, Valiant Fragile Fly
                  | SInv}
111494 | Zot:1    | Reached XP level 26. HP: 193/234 MP: 37/42
114519 | Zot:2    | Identified the dragon-blood talisman "Xobre" {rC+ Str+3
                  | Int+5}
117579 | Zot:4    | Reached skill level 21 in Dodging
117924 | Zot:4    | Reached skill level 15 in Evocations
119865 | Zot:5    | Entered Level 5 of the Realm of Zot
121022 | Zot:5    | Noticed an ancient lich
121035 | Zot:5    | Killed an ancient lich
121698 | Zot:5    | Noticed an orb of fire
122004 | Depths:3 | Voluntarily entered the Abyss.
122087 | Abyss:3  | Found a corrupted altar of Lugonu.
122108 | Abyss:3  | Found a corrupted altar of Lugonu.
122112 | Abyss:3  | Found a corrupted altar of Lugonu.
122112 | Abyss:3  | Found a corrupted altar of Lugonu.
122116 | Abyss:3  | Found a corrupted altar of Lugonu.
122522 | Abyss:3  | Reached XP level 27. HP: 178/245 MP: 21/43
122534 | Depths:3 | Escaped the Abyss
122684 | Depths:3 | Voluntarily entered the Abyss.
122969 | Abyss:3  | Got an abyssal rune of Zot
123186 | Depths:3 | Escaped the Abyss
123444 | Hell     | Entered the Vestibule of Hell
123444 | Hell     | Noticed Geryon
125522 | Hell     | Killed Geryon
125923 | Hell     | Found a gateway to the ashen valley of Gehenna.
126039 | Hell     | Found a gateway to the freezing wastes of Cocytus.
126092 | Hell     | Found a gateway to the Iron City of Dis.
126402 | Hell     | Reached skill level 10 in Conjurations
126404 | Hell     | Found a gateway to the decaying netherworld of Tartarus.
126752 | Depths:2 | Bought a manual of Summonings for 1520 gold pieces
126931 | Tomb:3   | Identified the "Gidghis"
126931 | Tomb:3   | Identified the "Rueps"
126931 | Geh:7    | Identified the "Yliedd"
126931 | Geh:7    | Identified the "Ampaest"
126931 | Pan      | Identified the "Budos"
126931 | Pan      | Identified the "Atott"
126931 | Pan      | Entered Pandemonium
130217 | Pan      | Found a white marble altar of Elyvilon.
131459 | Pan      | Reached skill level 22 in Dodging
132011 | Pan      | Glimpsed the power of Zot.
132226 | Depths:2 | Escaped Pandemonium
132510 | Pan      | Entered Pandemonium
132663 | Pan      | Found an exit through the horrors of the Abyss.
132686 | Pan      | Noticed Xeboode the pandemonium lord
132692 | Pan      | Killed Xeboode the pandemonium lord
132915 | Pan      | Upgraded the game from 0.31-a0-978-g1e143483b6 to
                  | 0.31-a0-981-geadf994542
133545 | Pan      | Learned a level 8 spell: Lehudib's Crystal Spear
133719 | Pan      | Identified a scroll of acquirement
133732 | Pan      | Identified the "Lueh Dele" (You acquired it in
                  | Pandemonium)
133732 | Pan      | Acquired 662 gold pieces
134366 | Pan      | Identified the +7 hand axe of Ijurad {heavy, rCorr}
134419 | Pan      | Identified the +1 plate armour of Dim Light {rC- Str+3
                  | Dex+4}
134699 | Pan      | Found an exit through the horrors of the Abyss.
135047 | Pan      | Noticed Loelufry the pandemonium lord
135085 | Pan      | Killed Loelufry the pandemonium lord
136320 | Depths:2 | Escaped Pandemonium
136327 | Depths:2 | Bought a scroll of blinking for 330 gold pieces
136554 | Pan      | Entered the realm of Lom Lobon.
136554 | Pan      | Entered Pandemonium
136557 | Pan      | Found an exit through the horrors of the Abyss.
137804 | Pan      | Noticed Lom Lobon
138141 | Pan      | Took an exit into the Abyss.
138141 | Abyss:4  | Escaped into the Abyss
138218 | Depths:2 | Escaped the Abyss
138884 | Zot:5    | Noticed an ancient lich
138885 | Zot:5    | Noticed an orb of fire
138894 | Zot:5    | Gained mutation: You are dopey. (Int -2) [an orb of fire]
138908 | Zot:5    | Killed from afar by an orb of fire

Illustrated notes

Levels and vault maps discovered:
D:1:      dpeg_arrival_signposts, layout_basic,
          dreamdust_ecumenical_altar_angels_and_demons, minmay_crystal_room,
          serial_park_tiny_pond, hangedman_decor_riveting, minmay_statues_item,
          hangedman_feature_mirror, lexackson_kobold_supper
D:2:      layout_basic, uniq_jessica, uniq_robin
D:3:      layout_loops_ring, ashenzari_conservatory_becter,
          amcnicky_mini_pool_small, hangedman_decor_diamond_cutter,
          uniq_crazy_yiuf_cottage
D:4:      layout_loops_ring, uniq_eustachio
D:5:      layout_rooms, yredelemnul_altar_generic, nicolae_vehumet_radiance,
          mainiacjoe_sewer_entry_somewhere_in_here_1,
          gammafunk_ghost_abyssal_escape
D:6:      layout_cave_pools, led_sif_book, guppyfry_shop_venom, uniq_jeremiah,
          uniq_grinder
D:7:      layout_basic, mainiacjoe_overflow_six_doors_small,
          mainiacjoe_overflow_concentric_impassable,
          mainiacjoe_overflow_alcove_4, minmay_temple_entry_gardened_gates
D:8:      lemuel_ice_statue, layout_basic, mainiacjoe_overflow_alcove_2,
          dpeg_lair_monsters, kennysheep_nondescript, uniq_pikel, uniq_maurice
D:9:      layout_roguey, mainiacjoe_overflow_24_doors,
          mainiacjoe_overflow_catwalk, fedhas_altar_2,
          biasface_ghost_orc_armoury, uniq_amaemon
D:10:     layout_stronghold, gammafunk_temple_overflow_statue, david_orc_3,
          grunt_livestock, hangedman_misty_isle
D:11:     layout_gridville, uniq_grum, uniq_snorg
D:12:     layout_roguey, st_stairs_3
D:13:     layout_irregular_city, ximxim_vaults_locker_room, nzn_ghost_randoct,
          minmay_variable_closet, uniq_kirke
D:14:     kennysheep_green_arena, layout_irregular_city, nicolae_hexahallways
D:15:     hangedman_depths_entry_civil_slaughter, layout_rooms,
          grunt_qazlal_clouds
Temple:   nicolae_temple_figure_zero
Lair:1:   layout_big_grid, uniq_erica
Lair:2:   layout_gridlike, guppyfry_snake_entry_island,
          gammafunk_ghost_hydra_chop, grunt_megastairs_2, uniq_gastronok
Lair:3:   layout_cave_pods, nicolae_swamp_entry_splash_gauntlet, basic_altar,
          chequers_serial_rivers_large_a, hibernation_bobbens
Lair:4:   layout_small_grid, dpeg_slime_entry_enclosed, fungi_pond_lemuel
Lair:5:   wormcave, layout_misc_corridors, guppyfry_lair_end_dragon,
          st_stairs_7, lemuel_fruit_fields
Swamp:1:  layout_basic_swamp, evilmike_swamp_ruin_house_5, swamp_pool5
Swamp:2:  layout_basic_swamp, nicolae_swamp_oxbows, swamp_pool4,
          roderic_carrion_pond, uniq_aizul
Swamp:3:  layout_basic_swamp, hangedman_swamp_ruin_wall, uniq_donald,
          uniq_mlioglotl
Swamp:4:  swamp, layout_basic_swamp, swamp_pool1
Snake:1:  gammafunk_sealed_arena, layout_onion_interference, basic_altar,
          nicolae_snake_double_loop
Snake:2:  layout_chambers
Snake:3:  layout_rooms, basic_altar
Snake:4:  minmay_snake_end_coiled, layout_cave_shapes
Slime:1:  layout_caves
Slime:2:  layout_caves
Slime:3:  layout_caves
Slime:4:  layout_caves, amcnicky_altar_lugonu_corruption
Slime:5:  slime_pit_nicolae_block_by_block
Orc:1:    layout_caves, basic_altar, lemuel_statue_altar, uniq_erolcha
Orc:2:    grunt_orc_tribal_feast, layout_caves, portal_ice_cave_demonic_guard
Elf:1:    eino_elf_arrival_sip, layout_gridlike,
          hangedman_elven_crosses_minicolossus,
          hellmonk_guarded_unrand_gyre_and_gimble, minmay_shop_star,
          grunt_megastairs_5, uniq_azrael
Elf:2:    nicolae_elf_blades_splatter_lattice
          [nicolae_blade_entry_floor_patterns], layout_gridlike, serial_glass,
          glass_columns_b, glass_columns_a, glass_columns_a, glass_columns_a,
          glass_columns_b, glass_columns_a, serial_shops,
          nicolae_shop_just_a_little_nook, nicolae_shop_tiny_waterfront,
          nicolae_shop_overgrown_old_shop, nicolae_shop_window_shopping,
          nicolae_shop_tiny_real_fake_doors
Elf:3:    minmay_elf_hall_furrowed, layout_geoelf_diagonals
Vaults:1: portal_desolation_entry_nicolae_forbidding_blocks,
          nicolae_vaults_prndl, v_misc_2, ontoclasm_vaults_gateway, v_pattern_5,
          nicolae_vaults_network_quinsquares
          [nicolae_vaults_network_quincunx_subvault,
          nicolae_vaults_network_quincunx_subvault,
          nicolae_vaults_network_quincunx_subvault,
          nicolae_vaults_network_quincunx_subvault], grunt_vaults_trifunnel,
          vaults_dpeg_encased_lava, nicolae_vaults_storage_closets_3,
          nicolae_vaults_holding_cells, vaults_room_semicircle,
          layout_vaults_chaotic_city
Vaults:2: nicolae_vaults_frosty_reception, nicolae_vaults_trapezoid_lopsided_2,
          minmay_crypt_entry_nasty_monster, v_alt_pattern_1,
          ontoclasm_vaults_shuriken, v_rooms_1, nicolae_vaults_more_shelving_1,
          v_misc_23, grunt_vaults_funnel, nicolae_vaults_double_plus_2,
          dpeg_vaults_monster_box, ontoclasm_vaults_ligature,
          nicolae_vaults_trapezoid_lopsided_4, layout_vaults_ring, serial_shops,
          bzr_entry_dummy, uniq_saint_roka, uniq_bai_suzhen
Vaults:3: v_misc_27, nicolae_vaults_hallways_thing, v_misc_9,
          nicolae_vaults_closet_pinwheel_1, v_alt_pattern_6,
          ontoclasm_vaults_chip, layout_vaults_quadrants, uniq_asterion
Vaults:4: vaults_room_hallway, v_rooms_6, ontoclasm_vaults_decontamination,
          vaults_room_guarded_vault, nicolae_vaults_diamond_2,
          nicolae_vaults_two_Ls, v_misc_4, nicolae_vaults_tetromino_L_1,
          nicolae_vaults_stepped_doors, nicolae_vaults_yaktaur_gun_rack,
          vaults_dpeg_hooks, layout_vaults_omnicross
Vaults:5: uniq_jory, uniq_sojobo
Crypt:1:  layout_catacombs, eino_tiny_chamber, grunt_crypt_arrival_webbed
Crypt:2:  layout_misc_corridors
Crypt:3:  due_elkab, layout_chaotic_city, uniq_josephina
Depths:1: layout_forbidden_donut, enter_ziggurat_f, minmay_misc_feat_pillars,
          rand_demon_pan_entry_3, grunt_hell_entry_dis_mu, serial_shops, shop,
          nicolae_dithmenos_through_a_glass_darkly, minmay_shoptagon,
          infiniplex_staircase_pool_lava, serial_bayou_shore_b
Depths:2: minmay_the_grid_octo_tiled_octocenter_mashed
          [minmay_the_grid_octo_checkerflower, minmay_the_grid_octo_odd_swirl,
          minmay_the_grid_octo_chip, minmay_the_grid_octo_fan_narrow,
          minmay_the_grid_octo_prize_square_snowflake,
          minmay_the_grid_square_5x5_shrine1,
          minmay_the_grid_square_5x5_two_walls_a,
          minmay_the_grid_square_5x5_corner,
          minmay_the_grid_square_5x5_n_small], layout_gridlike, glass_columns_a,
          grunt_mini_vestibule, rand_demon_pan_entry_7, serial_bayou_pond_a
Depths:3: minmay_complete_graph, layout_basic, abyss_entry,
          hangedman_geh_valley, serial_shops, shop,
          minmay_staircase_statues_hall_small, firewood_loft
Depths:4: evilmike_zot_entry_diamond, layout_gridlike,
          nicolae_concentric_dashed_squares_wild, hell_entry,
          serial_bayou_shore_b
Hell
Zot:1:    layout_gridlike, st_small_dragon_hoard_1
Zot:2:    layout_misc_corridors, regret_index_zotdec_carving_tricks,
          grunt_megastairs_4
Zot:3:    layout_cathedral_of_symmetry
Zot:4:    layout_basic, hangedman_zot_wheel_spokes
Zot:5:    layout_misc_corridors

Skill      XL: |  1  2  3  4  5  6  7  8  9 10 11 12 13 14 15 16 17 18 19 20 21 22 23 24 25 26 27 |
---------------+----------------------------------------------------------------------------------+-----
Stealth        | 2 3 4 6 |  6.9
Dodging        | 2 3 4 5 6 8 9 11 12 14 15 16 17 18 19 20 21 22 | 22.6
Shapeshifting  | 1 2 3 5 6 7 8 9 |  9.0
Spellcasting   | 3 5 7 9 10 12 13 14 15 16 | 16.0
Fighting       | 1 2 3 5 7 9 13 15 16 17 18 19 21 | 21.7
Ice Magic      | 5 6 7 9 10 12 13 15 16 17 18 19 20 | 20.4
Short Blades   | 1 5 8 9 10 | 10.0
Shields        | 4 5 9 10 12 13 14 15 16 19 | 19.0
Conjurations   | 5 6 7 8 12 | 12.9
Earth Magic    | 4 5 8 10 13 16 18 20 | 20.9
Evocations     | 1 5 8 10 11 12 13 14 15 | 15.3
Staves         | 3 5 7 9 10 | 10.0
Necromancy     | 4 6 9 |  9.2

Action                     |  1- 3 |  4- 6 |  7- 9 | 10-12 | 13-15 | 16-18 | 19-21 | 22-24 | 25-27 || total
---------------------------+-------+-------+-------+-------+-------+-------+-------+-------+-------++-------
  Melee: Short sword       |    51 |   105 |    51 |       |       |       |       |       |       ||   207
         Unarmed           |     3 |     2 |       |       |       |       |       |       |       ||     5
         Tailslap          |     5 |     7 |    41 |    14 |   375 |   551 |   253 |   358 |   711 ||  2315
         Punch             |       |     1 |     8 |     1 |     1 |       |       |       |       ||    11
         Dagger            |       |       |   246 |    84 |  1681 |  2145 |   264 |       |       ||  4420
         Staff             |       |       |       |       |       |       |   744 |  1377 |  2473 ||  4594
   Cast: Freeze            |    20 |     1 |    18 |     6 |       |     3 |       |       |       ||    48
         Frozen Ramparts   |     3 |     9 |    39 |    14 |   129 |    38 |    23 |    13 |       ||   268
         Ozocubu's Armour  |       |     1 |     9 |     3 |    17 |    20 |     5 |     8 |     1 ||    64
         Hailstorm         |       |       |       |       |    66 |    34 |    46 |    16 |       ||   162
         Ozocubu's Refrige |       |       |       |       |       |   371 |   332 |   349 |   430 ||  1482
         Stone Arrow       |       |       |       |       |       |    26 |   121 |   281 |   122 ||   550
         Lee's Rapid Decon |       |       |       |       |       |       |       |    82 |   114 ||   196
         Borgnjor's Vile C |       |       |       |       |       |       |       |    75 |   148 ||   223
         Bombard           |       |       |       |       |       |       |       |    10 |   351 ||   361
         Lehudib's Crystal |       |       |       |       |       |       |       |       |    58 ||    58
 Invoke: Potion Petition   |       |       |       |       |     9 |    18 |     3 |    12 |    26 ||    68
         Call Merchant     |       |       |       |       |       |     2 |       |     1 |     4 ||     7
  Evoke: Wand              |       |       |       |       |     5 |     6 |     5 |     1 |    12 ||    29
         Lightning rod     |       |       |       |       |       |     1 |       |     6 |     8 ||    15
         Phantom mirror    |       |       |       |       |       |       |     2 |     1 |     4 ||     7
         Sack of spiders   |       |       |       |       |       |       |     1 |       |     1 ||     2
         Phial of floods   |       |       |       |       |       |       |       |     2 |     3 ||     5
         Horn of Geryon    |       |       |       |       |       |       |       |       |     1 ||     1
    Use: Scroll            |       |    10 |     5 |     4 |    16 |    16 |    14 |     6 |    18 ||    89
         Potion            |       |       |     5 |     3 |     3 |     9 |     8 |     5 |    22 ||    55
   Stab: Sleeping          |     3 |     2 |     8 |     2 |     6 |     9 |     8 |    10 |    14 ||    62
         Distracted        |       |       |     1 |       |     4 |     3 |     5 |     8 |    17 ||    38
         Invisible         |       |       |       |       |     7 |     3 |       |     5 |     1 ||    16
         Confused          |       |       |       |       |       |       |       |       |     1 ||     1
 Armour: Skin              |    32 |    60 |   165 |    68 |   594 |   655 |   475 |   692 |  1243 ||  3984
  Dodge: Dodged            |    43 |    71 |   140 |    46 |   865 |   985 |   856 |   875 |  1554 ||  5435
  Block: Buckler           |       |       |       |       |   293 |   173 |       |       |       ||   466
         Kite shield       |       |       |       |       |       |   361 |   800 |  1116 |  2393 ||  4670
         Reflection        |       |       |       |       |       |     6 |    57 |    15 |    47 ||   125
   Form: Beast             |     1 |     1 |     1 |       |     1 |     1 |       |       |       ||     5
                           |       |     1 |     1 |       |       |     2 |       |       |       ||     4
         Anaconda          |       |       |       |       |     1 |       |       |       |       ||     1

Table legend: (Time is in decaauts)
 A = Elapsed time spent in this place.
 B = Non-inter-level travel time spent in this place.
 C = Inter-level travel time spent in this place.
 D = Time resting spent in this place.
 E = Time spent auto-exploring this place.
 F = Levels seen in this place.
 G = Mean time per level.
                   A        B        C        D        E       F      G
               +--------+--------+--------+--------+--------+-----+--------+
         Total | 136095 | 123098 |  12997 |  58912 |  27742 |  71 | 1916.8 |
       Dungeon |  20266 |  16822 |   3444 |   3885 |   8982 |  15 | 1351.1 |
        Temple |     29 |      8 |     21 |      0 |      0 |   1 |   29.0 |
          Lair |  10258 |   8446 |   1812 |   2988 |   3117 |   5 | 2051.6 |
         Swamp |   7516 |   7067 |    449 |   4296 |   1202 |   4 | 1879.0 |
     Snake Pit |  11361 |  10973 |    388 |   6122 |   1835 |   4 | 2840.2 |
    Slime Pits |   4386 |   4071 |    315 |   2451 |      0 |   5 |  877.2 |
  Orcish Mines |   2322 |   1718 |    604 |    667 |    613 |   2 | 1161.0 |
   Elven Halls |   7778 |   7091 |    687 |   3758 |    965 |   3 | 2592.7 |
        Vaults |  21089 |  19251 |   1838 |   9529 |   5476 |   5 | 4217.8 |
         Crypt |   8394 |   7759 |    635 |   3361 |   1405 |   3 | 2798.0 |
        Depths |  14591 |  12823 |   1768 |   7539 |   2334 |   4 | 3647.8 |
          Hell |   1469 |   1365 |    104 |    705 |    241 |   1 | 1469.0 |
           Zot |  11701 |  10771 |    930 |   6289 |   1464 |   5 | 2340.2 |
         Abyss |   1020 |   1020 |      0 |    133 |      0 |   6 |  170.0 |
   Pandemonium |  10405 |  10405 |      0 |   5126 |     84 |   4 | 2601.2 |
        Bazaar |     94 |     94 |      0 |      0 |      0 |   1 |   94.0 |
         Sewer |    302 |    302 |      0 |     14 |     23 |   1 |  302.0 |
      Ice Cave |   2171 |   2171 |      0 |   1625 |      0 |   1 | 2171.0 |
    Desolation |    936 |    936 |      0 |    420 |      0 |   1 |  936.0 |
               +--------+--------+--------+--------+--------+-----+--------+

Top non-repeatable levels by time:
Vaults:4: 6565 daAuts
Depths:2: 6508 daAuts
Vaults:2: 4767 daAuts
Vaults:1: 4540 daAuts
 Snake:4: 4444 daAuts
 Crypt:3: 4168 daAuts
   Elf:3: 3415 daAuts
Depths:3: 3376 daAuts
   Zot:4: 3022 daAuts
   Elf:1: 3017 daAuts
Vaults:3: 2911 daAuts
 Snake:2: 2657 daAuts
  Lair:3: 2630 daAuts
Depths:4: 2577 daAuts
 Snake:3: 2573 daAuts
